 Dungeon Sprint DCSS version 0.29-a0-337-g68df138881 (webtiles) character file.

Game seed: 3506637831822416482

174 mhtbhm the Slicer (level 5, -2/57 HPs)
             Began as a Kobold Berserker on Apr 16, 2022.
             Was an Elder of Trog.
             Slain by a hornet (6 damage)
             ... in the Dungeon (Sprint IX: "|||||||||||||||||||||||||||||").
             The game lasted 00:00:37 (494 turns).

mhtbhm the Slicer (Kobold Berserker)                 Turns: 494, Time: 00:00:38

Health: -2/57      AC:  6    Str: 16    XL:     5   Next: 84%
Magic:  5/5        EV: 17    Int:  9    God:    Trog [****..]
Gold:   0          SH:  0    Dex: 17    Spells: 4/4 levels left

rFire   . . .      SeeInvis .   a - +2 rapier (freeze)
rCold   . . .      Faith    .   (no shield)
rNeg    . . .      Spirit   .   b - +0 animal skin
rPois   .          Reflect  .   l - +0 helmet
rElec   .          Harm     .   (no cloak)
rCorr   .          Rampage  .   (no gloves)
Will    .....      NoTele   +   k - +0 pair of boots
Stlth   ..........              (no amulet)
HPRegen 0.19/turn               m - +3 ring of dexterity
MPRegen 0.09/turn               n - +2 ring of protection

@: berserking (expiring), lethally poisoned (-2 -> -12), slowed
A: small, no large weapons, nightstalker 3
a: Renounce Religion, Berserk, Trog's Hand, Brothers in Arms


You were in the Dungeon.
You worshipped Trog.
Trog was greatly pleased with you.
You visited 1 branch

Inventory:

Hand Weapons
 a - a +2 rapier of freezing (weapon)
Armour
 b - a +0 animal skin (worn)
 k - a +0 pair of boots (worn)
 l - a +0 helmet (worn)
Jewellery
 m - a +3 ring of dexterity (left hand)
 n - a +2 ring of protection (right hand)
Wands
 j - a wand of acid (10)
Scrolls
 h - 2 scrolls of blinking
Potions
 c - 5 potions of curing
 d - 3 potions of heal wounds
 e - a potion of haste
 f - 4 potions of magic
 g - a potion of berserk rage
 i - a potion of invisibility


   Skills:
 + Level 7.5 Fighting
 + Level 9.8 Short Blades
 + Level 3.1 Armour
 + Level 5.1 Dodging
 + Level 3.6 Stealth


You had 4 spell levels left.
You didn't know any spells.
Your spell library was empty.

Dungeon Overview and Level Annotations

Branches:
Dungeon (1/1)

Altars:
Cheibriados
Dithmenos
Elyvilon
Fedhas
Gozag
Hepliaklqana
Kikubaaqudgha
Makhleb
Nemelex Xobeh
Okawaru
Qazlal
Ru
Sif Muna
Trog
Uskayaw
Vehumet
Wu Jian
Xom
Yredelemnul
Zin
The Shining One
Beogh
Jiyva
Lugonu


Innate Abilities, Weirdness & Mutations

You are small and have problems with some larger weapons.
You are completely attuned to the shadows.


Message History

You feel yourself moving faster!
You feel mighty! The hornet misses you. The hornet barely misses you.
You miss the hornet. You closely miss the hornet.
The hornet closely misses you.
You closely miss the hornet. The hornet stings you.
You are poisoned.
You suddenly lose the ability to move!
You feel very sick. The hornet stings you!
You are more poisoned.
You feel yourself slow down. The hornet stings you!
You are lethally poisoned!
You feel as though you will be slow longer.
You can move again.
Unknown command.
Unknown command.
You barely miss the hornet.
You feel very sick. The hornet completely misses you.
Unknown command.
The hornet attacks as you move away! The hornet barely misses you.
You feel very sick.
There is an open door to the Dungeon here.
You feel a strong urge to attack something.
* * * LOW HITPOINT WARNING * * *
You feel very sick.
The hornet stings you but does no damage.
There's a creature in the doorway!
You miss the hornet.
You feel yourself speed up.
* * * LOW HITPOINT WARNING * * *
You feel very sick. The hornet stings you.
* * * LOW HITPOINT WARNING * * *
You feel yourself slow down.
Unknown command.
You barely miss the hornet.
* * * LOW HITPOINT WARNING * * *
You feel sick. The hornet stings you.
You die... ▓▓▓▓▓▓▓▓▓▓▓▓▓▓▓▓▓▓▓▓▓▓▓ o.ocyy@.[...)?.'_______ ▓▓▓▓▓▓▓▓▓▓▓▓▓▓▓▓▓▓▓▓▓▓▓

You could see a hornet, an orc warrior, a centaur and a killer bee.

Vanquished Creatures
  A scorpion (D)
  A killer bee (D)
  2 hounds (D)
  An ufetubus (D)
  A dart slug (D)
  An orc (D)
  A hobgoblin (D)
  A ball python (D)
  2 kobolds (D)
11 creatures vanquished.

Notes
Turn   | Place    | Note
-------+----------+-------------------------------------------
     0 | D        | mhtbhm the Kobold Berserker began the quest for the Orb.
     0 | D        | Reached XP level 1. HP: 14/14 MP: 1/1
    16 | D        | Reached ** piety under Trog
    21 | D        | Reached skill level 5 in Short Blades
    21 | D        | Reached XP level 2. HP: 11/20 MP: 2/2
   173 | D        | Noticed a scorpion
   178 | D        | Killed a scorpion
   179 | D        | Reached skill level 5 in Fighting
   179 | D        | Reached skill level 7 in Short Blades
   179 | D        | Reached XP level 3. HP: 17/27 MP: 3/3
   179 | D        | Reached XP level 4. HP: 20/32 MP: 4/4
   183 | D        | Reached *** piety under Trog
   184 | D        | Reached skill level 8 in Short Blades
   184 | D        | Reached XP level 5. HP: 11/37 MP: 5/5
   188 | D        | Reached skill level 9 in Short Blades
   421 | D        | Found a snail-covered altar of Cheibriados.
   421 | D        | Found a shadowy altar of Dithmenos.
   422 | D        | Found a white marble altar of Elyvilon.
   423 | D        | Found a blossoming altar of Fedhas.
   424 | D        | Found an opulent altar of Gozag.
   425 | D        | Found a hazy altar of Hepliaklqana.
   426 | D        | Found a viscous altar of Jiyva.
   427 | D        | Found an ancient bone altar of Kikubaaqudgha.
   428 | D        | Found a corrupted altar of Lugonu.
   429 | D        | Found a burning altar of Makhleb.
   430 | D        | Found a sparkling altar of Nemelex Xobeh.
   431 | D        | Found an iron altar of Okawaru.
   432 | D        | Found a stormy altar of Qazlal.
   433 | D        | Found a sacrificial altar of Ru.
   434 | D        | Found a shimmering blue altar of Sif Muna.
   435 | D        | Found a bloodstained altar of Trog.
   436 | D        | Found a hide-covered altar of Uskayaw.
   437 | D        | Found a radiant altar of Vehumet.
   438 | D        | Found an ornate altar of the Wu Jian Council.
   439 | D        | Found a shimmering altar of Xom.
   440 | D        | Found a basalt altar of Yredelemnul.
   441 | D        | Found a glowing silver altar of Zin.
   442 | D        | Found a glowing golden altar of the Shining One.
   480 | D        | Noticed a hornet
   481 | D        | Noticed a centaur
   482 | D        | Reached **** piety under Trog
   483 | D        | Reached skill level 5 in Dodging
   483 | D        | Noticed an orc warrior
   488 | D        | Paralysed by a hornet for 1 turns
   494 | D        | Slain by a hornet

Illustrated notes

Levels and vault maps discovered:
D:        linesprint [early_d, line_temple, items_1, d_10, items_2, lair_1,
          lair_end, items_3, orc_1, orc_end, items_4, d_15, swamp_1, shoals_1,
          snake_1, spider_1, d_20, vaults_1, items_5, swamp_end, shoals_end,
          snake_end, spider_end, vaults_end, d_27, items_6, zot_1, zot_end,
          crypt_end, forest_end, elf_end, slime_end, tomb_end, abyss_end,
          pan_hell_end]

Skill      XL: |  1  2  3  4  5 |
---------------+----------------+-----
Fighting       | 4 5 6 7 |  7.5
Short Blades   | 5 7 8 9 |  9.8
Armour         | 2 3 |  3.1
Dodging        | 4 5 |  5.1
Stealth        | 2 3 |  3.6

Action                   |  1- 3 |  4- 6 || total
-------------------------+-------+-------++-------
Melee: Short sword       |    19 |    11 ||    30
       Rapier            |       |     8 ||     8
Invok: Berserk           |     1 |     1 ||     2
 Stab: Sleeping          |     2 |     1 ||     3
Armor: Animal skin       |     1 |     2 ||     3
Dodge: Dodged            |     6 |    14 ||    20

Table legend: (Time is in decaauts)
 A = Elapsed time spent in this place.
 B = Non-inter-level travel time spent in this place.
 C = Inter-level travel time spent in this place.
 D = Time resting spent in this place.
 E = Time spent auto-exploring this place.
 F = Levels seen in this place.
 G = Mean time per level.
                   A        B        C        D        E       F      G
               +--------+--------+--------+--------+--------+-----+--------+
         Total |    491 |    491 |      0 |    379 |      3 |   1 |  491.0 |
       Dungeon |    491 |    491 |      0 |    379 |      3 |   1 |  491.0 |
               +--------+--------+--------+--------+--------+-----+--------+

Top non-repeatable levels by time:
       D: 491 daAuts
